 Dungeon Crawl Stone Soup version 0.22-a0-280-g69bf1f3 (webtiles) character file.

1429 b5mith the Skirmisher (level 8, -13/109 HPs)
             Began as a Grey Draconian Berserker on Mar 16, 2018.
             Was an Elder of Trog.
             Mangled by b5mith's ghost (15 damage)
             ... on level 7 of the Dungeon.
             The game lasted 00:12:51 (6264 turns).

b5mith the Skirmisher (Grey Draconian Berserker)    Turns: 6264, Time: 00:12:51

Health: -13/109    AC: 12    Str: 27    XL:     8   Next: 44%
Magic:  8/8        EV: 18    Int:  8    God:    Trog [****..]
Gold:   315        SH:  0    Dex: 10    Spells: 7/7 levels left

rFire    . . .     SeeInvis .   a - +0 mace
rCold    . . .     Gourm    .   (no shield)
rNeg     . . .     Faith    .   (armour unavailable)
rPois    .         Spirit   .   (helmet restricted)
rElec    .         Reflect  .   (no cloak)
rCorr    .         Harm     .   v - +0 pair of gloves
MR       .....                  (no boots)
Stlth    ..........             (no amulet)
HPRegen  0.28/turn              j - +1 ring of evasion
MPRegen  0.11/turn              h - +3 ring of evasion

@: berserking, very quick
A: walk through water, unfitting armour, unbreathing, cold-blooded, AC +11
a: Berserk, Trog's Hand, Brothers in Arms, Renounce Religion


You were on level 7 of the Dungeon.
You worshipped Trog.
Trog was greatly pleased with you.
You were near starving.

You visited 1 branch of the dungeon, and saw 6 of its levels.

You collected 315 gold pieces.

Inventory:

Hand Weapons
 a - a +0 mace (weapon)
Missiles
 l - 6 silver tomahawks (quivered)
 s - 4 tomahawks of returning
Armour
 v - a +0 pair of gloves (worn)
Jewellery
 h - a +3 ring of evasion (right hand)
 j - a +1 ring of evasion (left hand)
 n - an uncursed ring of flight
Scrolls
 e - a scroll of identify {@r1}
 g - 3 scrolls of random uselessness
 i - a scroll of noise {unknown}
 k - 2 scrolls of fog
 m - 3 scrolls of teleportation
 q - a scroll of blinking {unknown}
 u - a scroll of enchant armour {unknown}
Potions
 c - a potion of berserk rage
 d - 2 potions of curing {@q1}
 o - a potion of haste
 p - a potion of brilliance {unknown}
 r - a potion of agility {unknown}
 t - a potion of resistance {unknown}
Comestibles
 b - 4 rations


   Skills:
 + Level 7.4 Fighting
 + Level 6.7 Maces & Flails
 + Level 6.1 Dodging


You had 7 spell levels left.
You didn't know any spells.

Dungeon Overview and Level Annotations

Branches:
Dungeon (7/15)             Temple (0/1) D:4

Altars:
Elyvilon
Kikubaaqudgha
Ru
Uskayaw
Xom
Yredelemnul

Annotations:
D:7 b5mith's ghost, novice HOBe


Innate Abilities, Weirdness & Mutations

You can walk through water.
Your dull iron-grey scales are very hard. (AC +11)
You cannot fit into any form of body armour.
You can survive without breathing.
You are cold-blooded and may be slowed by cold attacks.


Message History

You barely miss b5mith's ghost.
Your tail-slap misses b5mith's ghost.
B5mith's ghost is lightly damaged.
B5mith's ghost hits you!
* * * LOW HITPOINT WARNING * * *
A red film seems to cover your vision as you go berserk!
You feel yourself moving faster!
You feel mighty!
You are near starving!
B5mith's ghost misses you.
You hit b5mith's ghost but do no damage.
B5mith's ghost is lightly damaged.
B5mith's ghost hits you!
* * * LOW HITPOINT WARNING * * *
You barely miss b5mith's ghost. B5mith's ghost hits you!!
* * * LOW HITPOINT WARNING * * *
You hit b5mith's ghost but do no damage.
You hit b5mith's ghost but do no damage.
B5mith's ghost misses you.
You barely miss b5mith's ghost.
Your tail-slap misses b5mith's ghost.
B5mith's ghost hits you!
You die...

#....#............#
#....#............#
#....#.(..........#
#...............#####
#....................
#.........###########
#.........#
#...W.....#
#...@..[..###########
####.#>...[..........
#.################
#.####### #.......#
##########.# ##
#....#####.# #.
#.##.......# #######.
#.##.......# #.......


You could see b5mith's ghost.

Vanquished Creatures
  A hippogriff (D:7)
  Sigmund (D:3)
  An ogre (D:4)
  2 centaurs (D:7)
  A wyvern skeleton (D:3)
  A scorpion (D:7)
  2 vampire bats (D:2)
  A hound (D:4)
  A jelly (D:4)
  A centaur skeleton (D:4)
  2 orc priests
  Crazy Yiuf (D:3)
  Jessica (D:3)
  4 orc wizards
  4 worker ants
  A killer bee zombie (D:7)
  Robin (D:2)
  A howler monkey zombie (D:5)
  3 gnolls (D:7)
  7 adders
  A worm (D:2)
  7 leopard geckos
  7 orcs
  3 bat skeletons (D:2)
  3 bat zombies (D:2)
  4 giant cockroaches
  13 goblins
  11 hobgoblins
  9 jackals
  4 quokkas
  A ball python (D:3)
  13 bats
  8 frilled lizards
  10 kobolds
  9 rats
140 creatures vanquished.

Notes
Turn   | Place    | Note
-------+----------+-------------------------------------------
     0 | D:1      | b5mith the Draconian Berserker began the quest for the Orb.
     0 | D:1      | Reached XP level 1. HP: 19/19 MP: 1/1
   326 | D:1      | Reached XP level 2. HP: 11/26 MP: 2/2
  1021 | D:1      | Reached XP level 3. HP: 30/33 MP: 3/3
  1306 | D:2      | Reached ** piety under Trog
  1372 | D:2      | Found a faded altar of an unknown god.
  1868 | D:2      | Found a shimmering altar of Xom.
  1899 | D:2      | Reached skill level 4 in Fighting
  1906 | D:2      | Noticed Robin
  1937 | D:2      | Reached XP level 4. HP: 13/40 MP: 4/4
  2205 | D:2      | Killed Robin
  2271 | D:2      | Found an ancient bone altar of Kikubaaqudgha.
  2293 | D:2      | Reached XP level 5. HP: 28/47 MP: 5/5
  2690 | D:3      | Noticed Jessica
  2693 | D:3      | Killed Jessica
  2792 | D:3      | Found a hide-covered altar of Uskayaw.
  2914 | D:3      | Reached *** piety under Trog
  2990 | D:3      | Found a basalt altar of Yredelemnul.
  3207 | D:3      | Reached skill level 5 in Fighting
  3232 | D:3      | Noticed Sigmund
  3244 | D:3      | Killed Sigmund
  3244 | D:3      | Reached XP level 6. HP: 37/56 MP: 6/6
  3475 | D:3      | Found a runed door.
  3539 | D:3      | Reached skill level 5 in Maces & Flails
  3895 | D:3      | Noticed Crazy Yiuf
  3900 | D:3      | Killed Crazy Yiuf
  3992 | D:4      | Your scales start taking on a dull iron-grey colour.
  3992 | D:4      | Reached XP level 7. HP: 55/62 MP: 7/7
  3992 | D:4      | Gained mutation: You can survive without breathing. [Grey Draconian growth]
  4052 | D:4      | Found a white marble altar of Elyvilon.
  4362 | D:4      | Found a sacrificial altar of Ru.
  4489 | D:4      | Reached skill level 6 in Fighting
  4489 | D:4      | Reached skill level 5 in Dodging
  4498 | D:4      | Reached **** piety under Trog
  4670 | D:4      | Found a staircase to the Ecumenical Temple.
  5216 | D:5      | Entered Level 5 of the Dungeon
  5349 | D:5      | You fall through a shaft for 2 floors!
  5492 | D:7      | Reached XP level 8. HP: 51/71 MP: 8/8
  5638 | D:7      | Noticed a hippogriff
  5652 | D:7      | Killed a hippogriff
  5652 | D:7      | Reached skill level 7 in Fighting
  6245 | D:7      | Noticed b5mith's ghost (novice HOBe)
  6261 | D:7      | HP: 1/109 [b5mith's ghost (26)]
  6264 | D:7      | Mangled by b5mith's ghost

Vault maps used:
D:1:      scummos_arrival_checkerplants, minmay_domino_2
D:2:      kennysheep_big_flooded_room, lemuel_crystal_altar,
          kennysheep_vampire_church, chequers_ecumenical_altar_simple_redux,
          uniq_robin
D:3:      yredelemnul_altar_generic, marbit_many_paths, first_ration,
          minmay_quantized, uniq_jessica, uniq_crazy_yiuf_cottage, uniq_sigmund
D:4:      elyvilon_altar_1, kennysheep_mini, temple_green
D:5:      cheibrodos_iron_armory, grunt_gozag_statues, serial_shops,
          nicolae_shop_statue_plus

Skill      XL: |  1  2  3  4  5  6  7  8 |
---------------+-------------------------+-----
Dodging        | 3 4 5 6 |  6.1
Fighting       | 4 5 6 7 |  7.4
Maces & Flails | 4 5 6 |  6.7

Action                   |  1- 3 |  4- 6 |  7- 9 || total
-------------------------+-------+-------+-------++-------
Melee: Mace              |   157 |   156 |   205 ||   518
       Tailslap          |    10 |    14 |    31 ||    55
Invok: Berserk           |     1 |     1 |     3 ||     5
  Use: Potion            |       |     3 |       ||     3
       Scroll            |       |       |     3 ||     3
 Stab: Sleeping          |     1 |     2 |       ||     3
  Eat: Chunk             |     3 |     6 |     5 ||    14
       Ration            |       |     1 |     1 ||     2
Armor: Skin              |    73 |    51 |    58 ||   182
Dodge: Dodged            |   186 |   189 |   167 ||   542

Table legend:
 A = Spawn XP
 B = Non-spawn XP
 C = Spawn XP percentage of total XP
 D = Spawn monster count
 E = Non-spawn monster count
 F = Spawn count percentage of total count
 G = Total turns spent on level
                    A         B        C        D         E        F      G
               +---------+---------+-------+---------+---------+-------+---------
         Total |       0 |    2042 |   0.0 |       0 |     140 |   0.0 |  6264
               +---------+---------+-------+---------+---------+-------+---------
           D:1 |       0 |      45 |   0.0 |       0 |      28 |   0.0 |  1278
           D:2 |       0 |     190 |   0.0 |       0 |      33 |   0.0 |  1082
           D:3 |       0 |     443 |   0.0 |       0 |      34 |   0.0 |  1587
           D:4 |       0 |     489 |   0.0 |       0 |      23 |   0.0 |  1269
           D:5 |       0 |      57 |   0.0 |       0 |       4 |   0.0 |   133
           D:7 |       0 |     818 |   0.0 |       0 |      18 |   0.0 |   915
               +---------+---------+-------+---------+---------+-------+---------
